 Dungeon Crawl Stone Soup version 0.28.0-53-g5a82cb258f (webtiles) character file.

Game seed: 16313239746030582725

1249 Infinimo the Cudgeller (level 8, -2/78 HPs)
             Began as a Gargoyle Berserker on June 14, 2022.
             Was a Believer of Trog.
             Slain by a two-headed ogre
             ... wielding a +0 giant club
              (12 damage)
             ... on level 6 of the Dungeon.
             The game lasted 00:05:12 (5525 turns).

Infinimo the Cudgeller (Gargoyle Berserker)         Turns: 5525, Time: 00:05:13

Health: -2/78      AC: 21    Str: 23    XL:     8   Next: 50%
Magic:  8/8        EV: 11    Int:  8    God:    Trog [**....]
Gold:   111        SH:  0    Dex:  9    Spells: 7/7 levels left

rFire   . . .      SeeInvis .   q - +4 flail (protect)
rCold   . . .      Faith    .   (no shield)
rNeg    + + .      Spirit   .   k - +2 robe {rN+}
rPois   ∞          Reflect  .   (no helmet)
rElec   +          Harm     .   (no cloak)
rCorr   .          Rampage  .   a - +2 pair of gloves
Will    .....                   n - +0 pair of boots
Stlth   ..........              (no amulet)
HPRegen 0.23/turn               (no ring)
MPRegen 0.11/turn               (no ring)

@: berserking, under a protective aura, very quick
A: sickness immunity, AC +5, negative energy resistance 1, electricity
resistance, torment resistance 1, petrification resistance
a: Renounce Religion, Berserk, Trog's Hand


You were on level 6 of the Dungeon.
You worshipped Trog.
Trog was pleased with you.
You visited 1 branch of the dungeon, and saw 6 of its levels.

You collected 223 gold pieces.
You spent 112 gold pieces at shops.

Inventory:

Hand Weapons
 q - a +4 flail of protection (weapon)
Armour
 a - a +2 pair of gloves (worn)
 k - a +2 robe of positive energy (worn)
 n - a +0 pair of boots (worn)
Wands
 l - a wand of iceblast (7)
 r - a wand of polymorph (13)
Scrolls
 b - a scroll of teleportation
 g - 5 scrolls of blinking
 h - a scroll of torment
 m - a scroll of identify
Potions
 c - a potion of heal wounds
 d - a potion of attraction {unknown}
 e - 2 potions of invisibility
 f - a potion of brilliance {unknown}
 i - 2 potions of lignification
 j - 2 potions of curing
 p - a potion of berserk rage


   Skills:
 + Level 6.3 Fighting
 * Level 7.7 Maces & Flails
 + Level 5.8 Armour
 - Level 1.6 Dodging


You had 7 spell levels left.
You didn't know any spells.
Your spell library was empty.

Dungeon Overview and Level Annotations

Branches:
Dungeon (6/15)
 Temple: D:4-7

Altars:
Fedhas
Okawaru
Ru
Yredelemnul

Shops:
D:5 *


Innate Abilities, Weirdness & Mutations

You are immune to sickness and miasma.
Your stone body is resilient. (AC +5)
You are immune to poison.
You resist negative energy. (rN+)
You are resistant to electric shocks. (rElec)
You are resistant to unholy torment.
You are immune to petrification.


Message History

The two-headed ogre shouts in stereo!
You hear a shout! x4
There is a stone staircase leading up here.
You climb upwards.
There is a stone staircase leading down here.
You have 111 gold pieces.
You start resting.
You recover from your berserk rage.
You start resting.
HP restored.
You climb downwards.
The orc priest calls down the wrath of Beogh upon you.
Beogh smites you!
The two-headed ogre hits you but does no damage.
The two-headed ogre hits you with a +0 giant club!
The orc priest invokes the aid of Beogh against you.
Beogh smites you!
There is a stone staircase leading up here.
A red film seems to cover your vision as you go berserk!
You feel yourself moving faster!
You feel mighty!
An orc comes into view. It is wielding a +0 dagger.
The two-headed ogre barely misses you. The two-headed ogre closely misses you.
You thump the two-headed ogre!
Your weapon exudes an aura of protection.
The two-headed ogre is moderately wounded.
The orc priest calls down the wrath of Beogh upon you.
Pain shoots through your body!
You sock the two-headed ogre!
The two-headed ogre is heavily wounded.
The two-headed ogre hits you with a +0 giant club!
* * * LOW HITPOINT WARNING * * *
The two-headed ogre hits you with a +0 giant club.
* * * LOW HITPOINT WARNING * * *
You sock the two-headed ogre!
The two-headed ogre is severely wounded.
You thump the two-headed ogre!
The two-headed ogre is almost dead.
The two-headed ogre hits you with a +0 giant club!
* * * LOW HITPOINT WARNING * * *
The two-headed ogre hits you with a +0 giant club!
You die...

.# ... .#
... # .#
o.$. #.
.#.o... ..
.#....
#.#.####....
#....[[[.#
#.@O#
##....#
##..## ..#
..# ..# ...
.###


You could see a two-headed ogre, an orc priest and an orc.

Vanquished Creatures
  Duvessa (D:4)
  Edmund (D:4)
  3 ogres (D:5)
  A kobold brigand (D:4)
  A scorpion (D:5)
  Dowan (D:4)
  A water moccasin skeleton (D:5)
  3 wights (D:6)
  A centaur zombie (D:5)
  A bullfrog skeleton (D:4)
  2 hounds (D:5)
  An orc priest (D:5)
  A centaur skeleton (D:4)
  Jessica (D:2)
  An iguana (D:5)
  A killer bee zombie (D:5)
  A howler monkey zombie (D:5)
  8 adders
  2 gnolls (D:5)
  3 dart slugs
  3 worms
  2 orcs (D:5)
  6 bats
  10 endoplasms
  3 giant cockroaches (D:1)
  7 goblins
  5 hobgoblins
  A kobold (D:4)
  3 quokkas
  4 ball pythons
  5 frilled lizards
  4 rats (D:2)
88 creatures vanquished.

Vanquished Creatures (others)
  An orc (D:5)
1 creature vanquished.

Grand Total: 89 creatures vanquished

Notes
Turn   | Place    | Note
-------+----------+-------------------------------------------
     0 | D:1      | Infinimo the Gargoyle Berserker began the quest for the
                  | Orb.
     0 | D:1      | Reached XP level 1. HP: 14/14 MP: 1/1
    18 | D:1      | Found a faded altar of an unknown god.
    19 | D:1      | Noticed a golden eye
    24 | D:1      | Noticed an eye of devastation
    28 | D:1      | Noticed a golden eye
    34 | D:1      | Noticed a great orb of eyes
   380 | D:1      | Reached XP level 2. HP: 19/19 MP: 2/2
   937 | D:1      | Reached XP level 3. HP: 24/24 MP: 3/3
   947 | D:1      | Reached ** piety under Trog
  1247 | D:2      | Noticed Jessica
  1250 | D:2      | Killed Jessica
  1392 | D:2      | Reached XP level 4. HP: 29/29 MP: 4/4
  1405 | D:2      | Reached skill level 4 in Maces & Flails
  2905 | D:3      | Reached XP level 5. HP: 31/33 MP: 5/5
  3660 | D:4      | Noticed Edmund
  3682 | D:4      | Noticed Dowan
  3737 | D:4      | Killed Edmund
  3738 | D:4      | Reached skill level 5 in Maces & Flails
  3738 | D:4      | Reached XP level 6. HP: 38/39 MP: 6/6
  3741 | D:4      | Killed Dowan
  3942 | D:4      | Reached skill level 5 in Fighting
  3951 | D:4      | Noticed Duvessa
  3960 | D:4      | Killed Duvessa
  3961 | D:4      | Reached skill level 6 in Maces & Flails
  3961 | D:4      | Reached XP level 7. HP: 44/44 MP: 7/7
  4350 | D:5      | Entered Level 5 of the Dungeon
  4692 | D:5      | Found a blossoming altar of Fedhas.
  4692 | D:5      | Found an iron altar of Okawaru.
  4697 | D:5      | Found a basalt altar of Yredelemnul.
  4697 | D:5      | Found a sacrificial altar of Ru.
  4719 | D:5      | Reached skill level 5 in Armour
  4985 | D:5      | Reached XP level 8. HP: 28/51 MP: 8/8
  5126 | D:5      | Reached skill level 7 in Maces & Flails
  5288 | D:5      | Found Wutikhla's General Store.
  5291 | D:5      | Bought a scroll of blinking for 112 gold pieces
  5502 | D:6      | Noticed a two-headed ogre
  5525 | D:6      | Slain by a two-headed ogre

Illustrated notes

Levels and vault maps discovered:
D:1:      minmay_arrival_arboretum_small, layout_basic, serial_corexii_hall,
          corexii_hall_statues_x, chequers_hall_statues_corner_a,
          corexii_hall_statues_s, chequers_hall_statues_y,
          hellmonk_ecumenical_altar_watching_god, minmay_misc_feat_four_crosses
D:2:      layout_loops_ring, serial_park_tiny_pond, uniq_jessica
D:3:      kennysheep_six_static_rooms, layout_basic
D:4:      layout_basic, uniq_edmund, uniq_duvessa
D:5:      minmay_diamond_boxcup, layout_basic, grunt_temple_overflow_open,
          serial_shops, kennysheep_mini_moat, corexii_item_surrounded_by_moat,
          cheibrodos_gnoll_hut
D:6:      layout_rooms, dk_noncrumbling_4, minmay_ruined_shrine, uniq_pikel

Skill      XL: |  1  2  3  4  5  6  7  8 |
---------------+-------------------------+-----
Maces & Flails | 4 5 6 7 |  7.7
Armour         | 3 4 5 |  5.8
Fighting       | 4 5 6 |  6.3
Dodging        | |  1.6

Action                   |  1- 3 |  4- 6 |  7- 9 || total
-------------------------+-------+-------+-------++-------
Melee: Mace              |    69 |   135 |       ||   204
       Punch             |       |     3 |       ||     3
       Flail             |       |    27 |    69 ||    96
Invok: Berserk           |     1 |     3 |     5 ||     9
  Use: Scroll            |       |     3 |     7 ||    10
 Stab: Sleeping          |       |     1 |     1 ||     2
Armor: Animal skin       |    25 |    27 |       ||    52
       Robe              |       |    34 |    31 ||    65
Dodge: Dodged            |    49 |    97 |    31 ||   177
